AoeStats
← seven

Lombardia

510041522Analyzed
4v4 RM · 2d ago on Sep 29, 2026· 49m 27s· 8 players
Game mode
Random Map
Map size
Large (8 player)
Population
200
Speed
Normal
Resources
Standard
Victory
Conquest
Starting age
Dark Age
Ending age
Imperial Age
RankedLock teamsTeams togetherTeam positionsShared explorationLock speedFull tech treeHidden civsTurbo modeCheats
Victory
Defeat
🇮🇳 Hindustanis · India
819
+15
🇭🇰 Persians · Hong Kong SAR China
807
+16
🇨🇳 Vikings · China
805
+16
🇨🇳 Varangians · China
799
+16
🇺🇸 Poles · United States
865
-19
🇵🇪 Vikings · Peru
793
-15
🇺🇸 Japanese · United States
787
-15
🇨🇳 Teutons · China
766
-14
mvkris92
6:39 Loom
10:55 Feudal Age
11:28 Double-Bit Axe
11:25 Horse Collar
19:01 Castle Age
18:23 Bloodlines
18:07 Gold Mining
19:01 Scale Barding Armor
19:12 Forging
19:52 Heavy Plow
21:51 Gold Shaft Mining
22:45 Husbandry
25:44 Wheelbarrow
27:55 Iron Casting
27:46 Hand Cart
33:40 Imperial Age
35:27 Town Watch
35:22 Heavy Camel Rider
36:26 Shatagni
36:47 Conscription
37:20 Chain Barding Armor
38:00 Blast Furnace
37:29 Thumb Ring
38:47 Chemistry
38:08 Ballistics
37:54 Siege Engineers
38:21 Bow Saw
39:56 Imperial Camel Rider
輕鬆一打四
0:33 Loom
10:42 Feudal Age
11:00 Horse Collar
11:08 Double-Bit Axe
19:49 Castle Age
18:03 Stone Mining
18:33 Gold Mining
19:46 Wheelbarrow
18:56 Town Watch
19:04 Town Watch
20:34 Bow Saw
26:10 Fletching
27:59 Bodkin Arrow
28:28 Scale Barding Armor
28:33 Forging
32:14 Chain Barding Armor
36:24 Imperial Age
34:42 Forging
35:23 Hand Cart
35:10 Town Patrol
36:12 Iron Casting
37:01 Heavy Plow
38:13 Two-Man Saw
37:18 Devotion
36:49 Elite War Elephant
37:50 Conscription
38:44 Ballistics
38:35 Masonry
38:20 Murder Holes
39:26 Chemistry
39:07 Plate Barding Armor
39:33 Blast Furnace
41:15 Hoardings
42:54 Architecture
45:22 Husbandry
45:33 Bloodlines
46:09 Stone Shaft Mining
46:15 Gold Shaft Mining
47:18 Citadels
美少女王兔
11:24 Feudal Age
15:48 Castle Age
14:46 Double-Bit Axe
14:44 Horse Collar
19:08 Bow Saw
19:26 Heavy Plow
22:58 Gold Mining
23:00 Stone Mining
24:05 Loom
26:56 Gold Shaft Mining
29:38 Imperial Age
29:11 Ballistics
30:12 Padded Archer Armor
30:02 Fletching
29:54 Crossbowman
31:01 Arbalester
33:26 Conscription
33:10 Bogsveigar
34:54 Bogsveigar
37:34 Leather Archer Armor
37:15 Bodkin Arrow
40:13 Ring Archer Armor
39:44 Bracer
46:15 Chemistry
45:21 Siege Engineers
46:28 Capped Ram
47:44 Siege Ram
小笼包的诺姆
8:07 Loom
11:17 Feudal Age
13:18 Double-Bit Axe
15:50 Castle Age
16:49 Bow Saw
17:16 Wheelbarrow
17:23 Horse Collar
21:13 Heavy Plow
23:45 Gold Mining
25:14 Scale Barding Armor
26:28 Bloodlines
30:05 Husbandry
29:39 Vendel Legacy
30:41 Chain Barding Armor
30:31 Forging
31:31 Hand Cart
35:09 Imperial Age
35:00 Scale Mail Armor
35:35 Iron Casting
36:13 Conscription
35:25 Elite Jarl
36:50 Plate Barding Armor
36:38 Conscription
36:48 Squires
36:33 Gambesons
36:31 Capped Ram
38:33 Blast Furnace
38:19 Scale Mail Armor
38:48 Siege Ram
40:02 Town Watch
40:20 Arson
40:34 Elite Varangian Guard
42:09 Gothikon
43:27 Chain Mail Armor
43:03 Fletching
46:04 Plate Mail Armor
45:30 Bodkin Arrow
47:36 Pikeman
49:08 Bracer
48:47 Halberdier
nathanst1996
9:26 Loom
11:36 Feudal Age
12:57 Wheelbarrow
12:13 Double-Bit Axe
19:10 Castle Age
19:45 Forging
19:37 Scale Mail Armor
19:27 Fletching
19:38 Padded Archer Armor
19:22 Horse Collar
29:07 Hand Cart
28:45 Gold Mining
28:45 Stone Mining
31:26 Bodkin Arrow
40:46 Imperial Age
42:13 Elite Samurai
43:30 Iron Casting
43:11 Chain Mail Armor
42:57 Bracer
43:12 Leather Archer Armor
46:38 Blast Furnace
45:43 Scale Barding Armor
46:09 Plate Mail Armor
45:25 Pikeman
BULLXHILL
4:29 Loom
12:16 Feudal Age
12:25 Feudal Age
17:32 Castle Age
15:38 Double-Bit Axe
15:36 Horse Collar
17:25 Forging
17:29 Scale Mail Armor
18:42 Gold Mining
20:01 Stone Mining
22:35 Bow Saw
23:58 Heavy Plow
31:20 Imperial Age
29:50 Husbandry
31:07 Chain Mail Armor
30:58 Scale Barding Armor
31:29 Iron Casting
30:17 Light Cavalry
31:08 Bloodlines
32:06 Wheelbarrow
32:29 Conscription
33:00 Szlachta Privileges
33:39 Cavalier
35:54 Crop Rotation
35:59 Hand Cart
37:15 Plate Mail Armor
37:10 Chain Barding Armor
40:15 Plate Mail Armor
40:45 Blast Furnace
42:27 Winged Hussar
43:32 Caravan
JOY BOY
0:43 Loom
11:11 Feudal Age
17:13 Castle Age
16:07 Double-Bit Axe
16:49 Horse Collar
18:03 Stone Mining
21:11 Bow Saw
26:00 Forging
28:26 Heavy Plow
32:54 Imperial Age
31:00 Squires
30:46 Arson
31:09 Scale Mail Armor
32:22 Fletching
35:05 Chieftains
35:26 Conscription
37:27 Two-Man Saw
37:07 Crop Rotation
37:43 Gold Mining
38:16 Chain Mail Armor
40:12 Gold Shaft Mining
40:16 Iron Casting
39:47 Man-at-Arms
40:41 Murder Holes
40:12 Pikeman
44:00 Plate Mail Armor
44:30 Blast Furnace
45:28 Bogsveigar
45:33 Long Swordsman
47:09 Two-Handed Swordsman
48:12 Fortified Wall
49:03 Chemistry
48:25 Ballistics
seven
11:08 Feudal Age
11:38 Double-Bit Axe
13:00 Horse Collar
19:31 Castle Age
17:35 Stone Mining
19:48 Gold Mining
20:21 Bow Saw
21:13 Stone Shaft Mining
21:19 Loom
22:53 Bloodlines
22:52 Heavy Plow
22:40 Town Watch
29:27 Wheelbarrow
29:33 Town Patrol
30:32 Ironclad
32:16 Hand Cart
37:11 Imperial Age
35:07 Forging
34:58 Scale Mail Armor
36:53 Iron Casting
36:25 Scale Barding Armor
36:35 Squires
36:22 Arson
37:18 Masonry
37:32 Cavalier
38:32 Chain Mail Armor
39:18 Blast Furnace
38:44 Conscription
38:56 Crenellations
40:13 Two-Man Saw
39:56 Crop Rotation
40:24 Chain Barding Armor
42:27 Plate Mail Armor
41:30 Paladin
42:42 Fortified Wall
43:21 Plate Barding Armor
44:48 Fletching
Connection lost

Rejoining the realm…

Still unreachable

The connection could not be restored.

Session expired

The server has moved on; the page needs a fresh start.